Map: Oxide LE

Players

WaRmEaTeR - Winner!

  • Race: Zerg Zerg
  • League: Gold
  • Spawn Location: 7:00

Massa

  • Race: Terran Terran
  • League: Platinum
  • Spawn Location: 1:00

VOD

Have the link to the VOD?

Description

Time

  • Played on: Oct. 9, 2020, 11:06 a.m.
  • Length: 18:27
Show
View Real Time Build Order
Export as new Build Order

WaRmEaTeR Zerg - Winner!

Build Orders: Pool First, Muta Ling Bane 

Get SALT Encoding   

  12  0:13  Drone x2  
  14  0:16  Overlord  
  14  0:35  Drone x2  
  16  0:45  Drone  
  17  0:56  Drone  
  18  1:06  Spawning Pool  
  17  1:12  Hatchery  
  17  1:14  Drone  
  17  1:19  Drone  
  17  1:22  Extractor  
  17  1:29  Drone  
  18  1:39  Drone  
  19  1:52  Drone  
  19  1:53  Queen  
  22  2:15  Overlord  
  22  2:21  Extractor  
  21  2:23  Queen  
  21  2:29  Drone x3  
  26  2:40  Spine Crawler  
  25  2:45  Extractor, Zergling x2  
  25  2:46  Zergling x4  
  25  2:49  Zergling x2  
  28  2:59  Spine Crawler, Queen  
  28  3:01  Spore Crawler  
  28  3:10  Drone x3  
  32  3:21  Zergling x4  
  32  3:22  Queen  
  36  3:29  Roach Warren  
  36  3:32  Drone  
  36  3:34  Overlord  
  36  3:43  Metabolic Boost  
  36  4:05  Drone x3  
  36  4:06  Drone x4  
  36  4:09  Drone  
  43  4:27  Overlord x2  
  43  4:28  Roach Warren  
  42  4:40  Drone x2  
  42  4:45  Lair  
  45  4:56  Drone  
  45  4:57  Drone, Baneling Nest  
  45  4:58  Drone  
  47  5:00  Hatchery  
  47  5:01  Drone  
  47  5:02  Drone x2  
  49  5:09  Drone x2  
  49  5:10  Drone  
  52  5:16  Drone x2  
  54  5:35  Extractor  
  53  5:38  Roach x3  
  53  5:39  Overlord x3  
  53  5:41  Overlord x2  
  59  5:45  Glial Reconstitution  
  59  5:49  Centrifical Hooks  
  59  5:55  Pneumatized Carapace  
  55  6:30  Roach x4  
  63  6:40  Roach x3  
  63  6:41  Roach x3  
  63  6:42  Roach x2  
  63  6:46  Roach x2  
  83  6:50  Drone x3  
  86  6:55  Roach x2  
  86  6:58  Roach  
  92  7:04  Roach  
  92  7:05  Roach  
  92  7:06  Tunneling Claws  
  96  7:12  Drone, Spine Crawler  
  96  7:13  Drone x2  
  98  7:18  Spire  
  98  7:21  Spore Crawler, Roach  
  98  7:51  Extractor x2  
  96  7:54  Overlord x2  
  96  7:58  Hatchery  
  96  8:00  Spine Crawler  
  96  8:03  Evolution Chamber  
  93  8:07  Evolution Chamber  
  90  8:15  Drone  
  90  8:16  Overseer x3  
  90  8:18  Drone x3  
  94  8:21  Drone x3  
  94  8:22  Drone  
  68  8:36  Zergling x2  
  68  8:37  Zergling x14  
  64  8:46  Roach x2  
  64  8:47  Overlord x2, Roach x4  
  64  8:48  Roach x2  
  78  8:49  Zergling x4  
  80  8:56  Mutalisk x2  
  80  8:58  Baneling  
  80  8:59  Baneling x3  
  80  9:00  Baneling  
  80  9:01  Baneling  
  80  9:02  Baneling  
  84  9:03  Baneling  
  84  9:04  Baneling  
  84  9:05  Baneling  
  84  9:14  Drone x2  
  84  9:15  Drone  
  87  9:20  Drone x2  
  87  9:22  Zerg Melee Weapons Level 1  
  89  9:25  Zerg Flyer Weapons Level 1  
  89  9:32  Zerg Ground Armor Level 1  
  89  9:39  Drone x2  
  89  9:40  Drone  
  89  9:43  Drone  
  93  9:48  Infestation Pit  
  93  9:51  Baneling  
  93  9:52  Baneling x3  
  90  10:14  Mutalisk, Roach x5  
  96  10:15  Mutalisk x2, Roach x2  
  107  10:25  Mutalisk  
  107  10:26  Mutalisk x3  
  113  10:31  Hive  
  113  10:36  Drone  
  113  10:37  Drone x3  
  113  10:40  Mutalisk  
  119  10:45  Mutalisk  
  119  10:46  Mutalisk  
  122  10:54  Mutalisk x3  
  94  11:22  Zergling x2  
  94  11:23  Mutalisk x5, Zergling x12  
  109  11:31  Mutalisk x3  
  100  12:06  Extractor, Mutalisk x2  
  100  12:07  Zergling x2  
  100  12:08  Extractor, Zergling x18  
  112  12:16  Hatchery  
  112  12:17  Overlord x3  
  112  12:18  Mutalisk x2  
  115  12:27  Mutalisk  
  115  12:28  Zerg Melee Weapons Level 2  
  117  12:37  Zerg Ground Armor Level 2  
  117  12:45  Baneling x4  
  117  12:46  Baneling  
  115  13:09  Hatchery  
  102  13:29  Mutalisk x3  
  102  13:30  Mutalisk x4  
  116  13:42  Drone x2  
  118  13:48  Adrenal Glands  
  118  13:50  Greater Spire  
  118  13:51  Drone x2  
  118  13:52  Drone x4  
  124  13:59  Overlord  
  124  14:00  Overlord  
  122  14:18  Ultralisk Cavern  
  122  14:19  Overlord  
  122  14:20  Overlord  
  122  14:23  Queen  
  123  14:28  Drone x4, Overlord x2  
  123  14:29  Drone, Overlord x2  
  128  14:36  Overlord  
  128  14:37  Overlord  
  108  15:23  Ultralisk x2  
  108  15:24  Ultralisk x4  
  144  15:30  Drone x4  
  144  15:31  Drone  
  144  15:34  Drone x3  
  152  15:43  Zerg Ground Armor Level 3  
  152  15:47  Zerg Melee Weapons Level 3  
  152  15:51  Anabolic Synthesis  
  150  16:24  Zergling x2  
  150  16:25  Zergling x2  
  152  16:39  Chitinous Plating  
  152  16:42  Ultralisk x2  
  152  16:43  Ultralisk x4  
  152  16:45  Ultralisk  
  152  16:46  Zergling x6  
  197  16:47  Zergling x2  
  197  16:49  Zergling x4  
  200  17:01  Baneling x4  
  200  17:15  Spine Crawler  
  199  17:16  Spine Crawler  
  125  17:47  Ultralisk x2  
  125  17:48  Zergling x2, Ultralisk x3  
  125  17:50  Zergling x2  
  125  17:51  Zergling x38  
Show
View Real Time Build Order
Export as new Build Order

Massa Terran 

Build Orders: Reaper Expand 

Get SALT Encoding   

  12  0:00  SCV  
  13  0:12  SCV  
  14  0:20  Supply Depot  
  14  0:24  SCV  
  15  0:39  Refinery  
  15  0:42  SCV  
  16  0:44  Barracks  
  16  0:54  SCV  
  17  1:06  SCV  
  18  1:18  SCV  
  19  1:30  Orbital Command  
  19  1:32  Reaper  
  20  1:46  Command Center  
  20  1:58  SCV  
  21  2:07  Factory  
  21  2:09  Supply Depot  
  21  2:17  SCV  
  21  2:20  Marine  
  21  2:21  Supply Depot  
  23  2:49  SCV  
  24  2:52  Barracks Tech Lab  
  24  2:53  Barracks Reactor  
  24  3:01  SCV  
  25  3:13  SCV  
  26  3:22  Orbital Command  
  26  3:26  SCV  
  27  3:35  Hellion x2  
  27  3:38  SCV  
  32  3:43  Starport  
  32  3:45  Refinery  
  32  3:48  Barracks  
  32  3:50  SCV, Marine  
  32  3:55  SCV  
  35  3:57  Hellion x2  
  35  4:02  SCV  
  40  4:07  SCV  
  40  4:08  Marine  
  42  4:14  SCV  
  43  4:18  Hellion x2  
  43  4:19  SCV  
  48  4:26  SCV, Marine  
  50  4:50  Hellion x2  
  54  5:01  Barracks Tech Lab  
  54  5:02  Supply Depot x2  
  54  5:03  Supply Depot  
  54  5:07  Barracks Reactor, Command Center  
  54  5:16  Refinery  
  54  5:24  SCV x2, Hellion x2, Viking  
  54  5:26  Engineering Bay  
  54  5:27  Supply Depot  
  62  5:34  Stimpack  
  62  5:35  Marauder  
  64  5:36  SCV x2  
  66  5:45  Widow Mine x2  
  66  5:48  SCV x2  
  72  5:50  Factory  
  72  5:54  Medivac  
  72  5:56  Marauder  
  76  6:07  Widow Mine x2  
  80  6:14  Terran Infantry Weapons Level 1  
  80  6:21  Missile Turret  
  80  6:22  Missile Turret  
  78  6:41  Marauder  
  78  6:42  Starport Tech Lab, Missile Turret  
  80  6:50  Starport  
  80  6:51  Orbital Command  
  80  6:52  SCV  
  80  6:53  SCV  
  82  6:56  Factory Tech Lab  
  82  7:02  Marauder  
  82  7:05  SCV x2  
  90  7:08  Widow Mine x2  
  90  7:10  Marine  
  90  7:11  Marine  
  90  7:13  Combat Shield  
  92  7:17  SCV  
  93  7:23  Orbital Command, Marauder  
  93  7:24  SCV  
  93  7:26  Refinery  
  93  7:28  Marine x2  
  93  7:29  SCV  
  101  7:30  Widow Mine  
  101  7:34  Missile Turret  
  101  7:35  Missile Turret  
  101  7:38  Widow Mine  
  101  7:41  Supply Depot x2  
  101  7:42  Supply Depot  
  101  7:44  Supply Depot  
  87  7:45  Marauder  
  87  7:46  Marine x2  
  91  7:55  Missile Turret  
  91  7:56  SCV x3, Missile Turret  
  91  8:02  Siege Tank  
  91  8:04  Marine  
  93  8:06  Starport Tech Lab, Banshee  
  93  8:08  SCV x2  
  93  8:09  Supply Depot  
  86  8:34  Siege Tank  
  77  8:37  Marauder, Marine x2  
  76  8:46  SCV  
  76  8:47  SCV x2  
  79  8:54  Banshee x2  
  79  8:55  Marine x2  
  85  8:59  SCV x3, Marauder  
  85  9:02  Cloaking Field  
  92  9:09  Missile Turret  
  92  9:11  SCV  
  92  9:13  Marine x2  
  95  9:17  Terran Infantry Armor Level 1  
  95  9:20  Marauder  
  95  9:21  Armory  
  97  9:26  Engineering Bay  
  97  9:31  Marine x2  
  97  9:36  Missile Turret  
  97  9:37  Banshee x2  
  105  9:38  Missile Turret  
  105  9:41  Missile Turret  
  105  9:42  Marauder  
  105  9:45  Sensor Tower, Missile Turret  
  107  9:49  Command Center  
  107  10:06  Marauder, Marine x2  
  111  10:19  Barracks  
  111  10:20  Banshee  
  101  10:24  Barracks, Marine x2  
  101  10:26  SCV x2  
  101  10:27  SCV, Marauder  
  106  10:35  Concussive Shells  
  106  10:38  SCV x2  
  106  10:39  SCV, Viking  
  106  10:41  Terran Infantry Weapons Level 2, Marine  
  106  10:42  Marine  
  113  10:43  Terran Vehicle Weapons Level 1  
  113  10:48  Marauder  
  113  10:50  SCV  
  113  10:51  SCV  
  115  10:59  Marine x2  
  115  11:03  Viking  
  119  11:10  Marauder  
  101  11:21  Marine  
  101  11:22  Marine  
  100  11:31  Marauder  
  101  11:39  Marine x2  
  98  11:53  Marauder  
  87  11:57  Marine x2  
  68  12:05  Barracks Reactor  
  66  12:14  Marauder  
  66  12:15  Marine x2  
  70  12:26  Barracks Reactor, SCV x4  
  74  12:32  Marine  
  74  12:33  Marine, Supply Depot x3  
  74  12:35  Marine  
  77  12:38  Terran Infantry Armor Level 2, SCV x4  
  77  12:40  Terran Vehicle And Ship Armor Level 1  
  77  12:43  Siege Tank  
  84  12:50  SCV x4, Marine  
  84  12:51  Marine  
  89  12:53  Hellion x2  
  89  12:56  Supply Depot  
  89  12:57  Drilling Claws  
  96  12:59  Supply Depot  
  96  13:00  Banshee x2  
  96  13:02  SCV  
  103  13:08  Marine  
  103  13:09  Marine  
  103  13:14  Hellion  
  103  13:15  Hellion, Siege Tank  
  95  13:34  Missile Turret x2  
  95  13:36  Hellion x2  
  99  13:43  Banshee x2  
  99  13:47  Siege Tank  
  108  13:53  SCV  
  108  13:54  SCV x2, Missile Turret  
  111  13:55  Missile Turret  
  111  14:05  Refinery, SCV, Missile Turret  
  111  14:06  Refinery, SCV x2, Missile Turret  
  111  14:08  Missile Turret x4  
  111  14:09  Missile Turret  
  112  14:10  Missile Turret  
  112  14:12  Marine  
  112  14:13  Marine x5  
  112  14:14  Missile Turret  
  112  14:15  Infernal Pre-Igniter  
  112  14:17  SCV, Missile Turret  
  118  14:18  SCV x2  
  118  14:21  Barracks  
  121  14:29  SCV  
  121  14:30  SCV x2, Marine x6  
  130  14:32  Missile Turret  
  130  14:36  Missile Turret x2  
  130  14:37  Planetary Fortress  
  130  14:41  SCV  
  130  14:42  SCV x2  
  128  14:48  Marine x6  
  117  14:54  SCV x3  
  107  15:05  Marine  
  107  15:06  Marine x5  
  91  15:21  Siege Tank  
  91  15:22  Widow Mine  
  91  15:23  Widow Mine, Marine  
  91  15:24  Marine x5  
  104  15:31  Missile Turret x2  
  104  15:32  Missile Turret  
  104  15:33  Missile Turret  
  104  15:34  Missile Turret  
  104  15:35  Missile Turret  
  104  15:37  Missile Turret  
  104  15:39  Supply Depot  
  104  15:40  Supply Depot  
  104  15:41  Marine  
  104  15:42  Marine x5  
  110  15:44  Widow Mine x2  
  110  15:45  Refinery  
  110  15:49  Command Center  
  114  15:52  Missile Turret  
  114  15:53  Missile Turret, Siege Tank  
  114  15:54  Missile Turret  
  117  15:59  Marine  
  117  16:03  Supply Depot  
  118  16:05  Widow Mine x2, Supply Depot  
  122  16:16  Refinery  
  120  16:26  Widow Mine  
  120  16:31  Marine x6  
  128  16:40  Barracks Tech Lab  
  128  16:49  Marine x6  
  128  16:50  Sensor Tower  
  134  16:57  Widow Mine x2  
  138  17:06  Marine, Sensor Tower  
  138  17:07  Marine x5  
  144  17:18  Widow Mine x2  
  93  17:24  Marine  
  93  17:25  Marine x5  
  93  17:26  Marauder  
  85  17:38  Siege Tank  
  85  17:42  Marine  
  85  17:43  Marine x2  
  88  17:48  Marauder  
  76  18:03  Marine  
  76  18:04  Marine x5  
Tags
 
Composition
Muta Ling Bane
Matchup
TvZ
Replay Pack
Multiplayer
Spawn Locations
Cross Positions
Add a new tag
Caveats
  • Supply blocks, unpowered buildings, or Contaminate may cause inaccurate times.
  • Supply counts are checked every 10 seconds.